Construct Section Command Post
Selects Heavy Armor Battlegroup
Construct Platoon Command Post
Selects Light Vehicle Withdraw and Refit
Light Vehicle Withdraw and Refit
Selects Rigorous Vehicle Training
Construct Field Infirmary
Unlock Bishop Self-propelled Artillery
6-pounder Anti-tank Gun Team
Bishop Self-propelled Artillery
Light Vehicle Withdraw and Refit
Bishop Self-propelled Artillery
Construct Company Command Post
Selects Designate Targets
Selects Forward Repair Assembly
Unlock M3 Grant Medium Tanks